 Dungeon Crawl Stone Soup version 0.19.1 (webtiles) character file.

127 M4edhros the Sneak (level 5, 0/33 HPs)
             Began as an Octopode Artificer on Dec 26, 2016.
             Slain by Robin
             ... wielding a +0 mace
              (8 damage)
             ... on level 2 of the Dungeon.
             The game lasted 00:02:19 (1980 turns).

M4edhros the Sneak (Octopode Artificer)             Turns: 1980, Time: 00:02:19

Health: 0/33       AC:  1    Str: 14    XL:     5   Next: 11%
Magic:  16/16      EV: 13    Int: 18    God:
Gold:   72         SH:  0    Dex: 13    Spells: 0 memorised, 4 levels left

rFire  . . .     SeeInvis .     p - -3 short sword (curse)
rCold  . . .     Gourm    .     (no shield)
rNeg   . . .     Faith    .     (helmet restricted)
rPois  .         Spirit   .     (no amulet)
rElec  .         Reflect  .     l - ring of resist corrosion
rCorr  +         Harm     .     m - ring of magical power
MR     .....                    n - +2 ring of strength
Stlth  ++++......               (no ring)
                                (no ring)
                                (no ring)
                                (no ring)
                                (no ring)

@: brilliant, very slightly contaminated
A: almost no armour, stealthy swim, amphibious, 8 rings, constrict 8, camouflage
1, gelatinous body 1
a: no special abilities


You were on level 2 of the Dungeon.
You were hungry.

You visited 1 branch of the dungeon, and saw 2 of its levels.

You collected 72 gold pieces.

Inventory:

Hand Weapons
 a - a +0 short sword
 p - a cursed -3 short sword (weapon)
Jewellery
 l - a ring of resist corrosion (left tentacle)
 m - a ring of magical power (right tentacle)
 n - a +2 ring of strength (on tentacle)
Wands
 b - a wand of flame (12/48)
 c - a wand of enslavement (15/24)
 d - a wand of random effects (15/48)
 i - a wand of paralysis (15/24)
Scrolls
 k - a scroll of recharging
 o - 2 scrolls of fear
Potions
 j - 3 potions of haste
Comestibles
 f - a bread ration
 g - 2 meat rations
 r - a slice of pizza


   Skills:
 - Level 1.0 Fighting
 - Level 1.0 Short Blades
 - Level 2.0 Dodging
 + Level 6.9 Stealth
 - Level 3.2 Evocations


You had 4 spell levels left.
You didn't know any spells.

Dungeon Overview and Level Annotations

Branches:
Dungeon (2/15)

Altars:
The Shining One

Annotations:
D:2 Robin


Innate Abilities, Weirdness & Mutations

You cannot wear most types of armour.
You are very stealthy in the water. (Stealth+)
You are amphibious.
You can wear up to eight rings at the same time.
You can use your tentacles to constrict eight enemies at once.
Your skin changes colour to match your surroundings (Stealth+).
Your rubbery body absorbs attacks. (AC +1, EV +1)


Message History

* * * LOW HITPOINT WARNING * * *
You strike the helpless goblin from behind!
You puncture the goblin!
You kill the goblin!
You flicker for a moment.
You swing at nothing.
Something barely misses you.
You barely miss something. Your squeeze misses something.
You are feeling hungry.
Something barely misses you.
You completely miss something. You squeeze something. Something hits you.
* * * LOW HITPOINT WARNING * * *
You hit something.
You flicker back into view.
Something completely misses you.
You hit something but do no damage. Something hits you but does no damage.
You closely miss something. Something barely misses you.
You closely miss something. Something hits you but does no damage.
You closely miss something. You barely miss something. You squeeze something.
Something hits you!
You die...

### ### #.. ..### #.#
#.#.. ## #.# #.#.# ..
#.# #.#.#
#####.#####.###### #.#.#
......{@)........# #.#.#
....#.######.....###.#.#
. .. #......'...#.# ...
#......##(.#.# .#.
#....##....#.# #
#)...##.#....# # ##
#....#...##### ###...
###### #....#........
#..... .....
#....#........


There were no monsters in sight!

Vanquished Creatures
  Ijyb (D:2)
  A gnoll (D:1)
  3 adders (D:2)
  An ooze (D:1)
  2 dart slugs (D:1)
  A leopard gecko (D:1)
  A ball python (D:1)
  8 bats
  2 giant cockroaches
  18 goblins
  4 hobgoblins
  4 jackals (D:1)
  A frilled lizard (D:1)
  2 kobolds (D:2)
  4 rats
53 creatures vanquished.

Notes
Turn   | Place    | Note
-------+----------+-------------------------------------------
     0 | D:1      | M4edhros the Octopode Artificer began the quest for the Orb.
     0 | D:1      | Reached XP level 1. HP: 13/13 MP: 3/3
    35 | D:1      | Reached skill level 2 in Stealth
    93 | D:1      | Reached skill level 3 in Stealth
    93 | D:1      | Reached XP level 2. HP: 13/18 MP: 4/4
   387 | D:1      | Reached skill level 4 in Stealth
   387 | D:1      | Reached XP level 3. HP: 20/23 MP: 5/5
   913 | D:2      | Reached skill level 5 in Stealth
   928 | D:2      | Reached XP level 4. HP: 14/28 MP: 6/6
  1320 | D:2      | Found a glowing golden altar of the Shining One.
  1388 | D:2      | Noticed Ijyb
  1399 | D:2      | Paralysed by Ijyb for 3 turns
  1401 | D:2      | HP: 1/28 [Ijyb (3)]
  1407 | D:2      | Killed Ijyb
  1407 | D:2      | Reached skill level 6 in Stealth
  1941 | D:2      | Noticed Robin
  1947 | D:2      | Reached XP level 5. HP: 32/33 MP: 7/7
  1980 | D:2      | Slain by Robin

Skill      XL: |  1  2  3  4 |
---------------+-------------+-----
Stealth        | 3 4 5 6 |  6.9
Fighting       | |  1.0
Short Blades   | |  1.0
Dodging        | |  2.0
Evocations     | |  3.2

Action                   |  1- 3 |  4- 6 || total
-------------------------+-------+-------++-------
Melee: Short sword       |    56 |    63 ||   119
       Constrict         |    14 |    11 ||    25
       Tentacles         |     5 |    15 ||    20
Evoke: Wand              |     2 |     1 ||     3
  Use: Scroll            |       |     5 ||     5
       Potion            |       |     5 ||     5
 Stab: Sleeping          |     8 |     4 ||    12
       Invisible         |       |     5 ||     5
  Eat: Chunk             |       |     3 ||     3
Armor: Skin              |     7 |     5 ||    12
Dodge: Dodged            |    47 |    50 ||    97
